 Dungeon Crawl Stone Soup version 0.26-a0-651-gb41185065b (webtiles) character file.

Game seed: 4956309040603272029

1092 Gargoyl the Skirmisher (level 8, 0/67 HPs)
             Began as a Gnoll Abyssal Knight on Sept 30, 2020.
             Was a Priest of Lugonu.
             Slain by a hippogriff (5 damage)
             ... on level 5 of the Dungeon.
             The game lasted 00:05:27 (4212 turns).

Gargoyl the Skirmisher (Gnoll Abyssal Knight)       Turns: 4212, Time: 00:05:29

Health: 0/67       AC: 17    Str: 17    XL:     8   Next: 31%
Magic:  21/21      EV:  6    Int: 17    God:    Lugonu [***...]
Gold:   346        SH: 10    Dex: 10    Spells: 13/13 levels left

rFire    . . .     SeeInvis .   f - +2 war axe
rCold    . . .     Faith    .   s - +2 kite shield of the Eternal Fruit {*Contam rPois rN+++ Dex-4}
rNeg     + + +     Spirit   .   j - +0 chain mail
rPois    +         Reflect  .   p - +0 helmet
rElec    .         Harm     .   (no cloak)
rCorr    .         Rampage  .   b - +2 pair of gloves
MR       .....                  r - +0 pair of boots
Stlth    ..........             (no amulet)
HPRegen  0.21/turn              g - ring of magical power
MPRegen  0.17/turn              (no ring)

@: no status effects
A: distributed training, fangs 1, thin metallic scales 1, clever 1, strong nose
a: Depart the Abyss, Bend Space, Banish, Renounce Religion


You were on level 5 of the Dungeon.
You worshipped Lugonu.
Lugonu was most pleased with you.
You visited 1 branch of the dungeon, and saw 5 of its levels.
You visited the Abyss 1 time.

You collected 346 gold pieces.

Inventory:

Hand Weapons
 a - a +3 hand axe
 f - a +2 war axe (weapon)
Missiles
 n - 39 poisoned darts (quivered)
Armour
 b - a +2 pair of gloves (worn)
 j - a +0 chain mail (worn)
 p - a +0 helmet (worn)
 r - a +0 pair of boots (worn)
 s - the +2 kite shield of the Eternal Fruit (worn) {*Contam rPois rN+++ Dex-4}
   (You found it on level 4 of the Dungeon)

   It affects your dexterity (-4).
   It protects you from poison.
   It renders you almost immune to negative energy.
   It causes magical contamination when unequipped.
Jewellery
 g - a ring of magical power (left hand)
Wands
 l - a wand of polymorph (12)
Scrolls
 d - 2 scrolls of teleportation
 h - a scroll of identify
 m - a scroll of remove curse
 u - a scroll of fear
Potions
 c - 2 potions of curing
 e - a potion of mutation
 i - 4 potions of brilliance {unknown}
 k - 2 potions of stabbing {unknown}
 q - 2 potions of ambrosia {unknown}
 v - a potion of resistance {unknown}


   Skills:
 + Level 7.3 Fighting
 + Level 3.1 Short Blades
 + Level 3.1 Long Blades
 + Level 5.6 Axes
 + Level 3.1 Maces & Flails
 + Level 3.1 Polearms
 + Level 3.1 Staves
 + Level 3.1 Slings
 + Level 3.1 Bows
 + Level 3.1 Crossbows
 + Level 3.1 Throwing
 + Level 5.6 Armour
 + Level 4.1 Dodging
 + Level 3.1 Stealth
 + Level 3.1 Shields
 + Level 3.1 Unarmed Combat
 + Level 3.1 Spellcasting
 + Level 2.5 Conjurations
 + Level 2.5 Hexes
 + Level 2.5 Summonings
 + Level 2.5 Necromancy
 + Level 2.5 Translocations
 + Level 2.5 Transmutations
 + Level 2.5 Fire Magic
 + Level 2.5 Ice Magic
 + Level 2.5 Air Magic
 + Level 2.5 Earth Magic
 + Level 2.5 Poison Magic
 + Level 5.8 Invocations
 + Level 3.1 Evocations


You had 13 spell levels left.
You didn't know any spells.
Your spell library was empty.

Dungeon Overview and Level Annotations

Branches:
Dungeon (5/15)
 Temple: D:4-7

Altars:
Dithmenos
Nemelex Xobeh


Innate Abilities, Weirdness & Mutations

Your experience applies equally to all skills.
You have very sharp teeth.
Your uncanny sense of smell can sniff out nearby items.
You are partially covered in thin metallic scales. (AC +2)
Your mind is acute. (Int +2)


Message History

The hippogriff claws you.
* * * LOW HITPOINT WARNING * * *
The hippogriff bites you but does no damage.
You block the hippogriff's attack. The hippogriff claws you.
* * * LOW HITPOINT WARNING * * *
Throwing (i - inventory)
n - 40 poisoned darts (quivered)
Press: ? - help, Shift-Dir - straight line, f/p - hippogriff
Aim: a hippogriff (lightly wounded, poisoned)
You throw a poisoned dart. The poisoned dart hits the hippogriff!
The hippogriff looks even sicker.
The hippogriff is lightly wounded.
Unknown command.
You hit the hippogriff.
The hippogriff is moderately wounded.
The hippogriff bites you.
* * * LOW HITPOINT WARNING * * *
The hippogriff pecks you but does no damage.
The hippogriff claws you but does no damage.
The hippogriff bites you.
You die...

##.#.# #.# #...#
#.## #...# #.##
#...# #.## #.#>#
#... #.### #.##
#.# #.# #H# ##.##
#@# #....
#.######### #..##
#.........####..#
#########.#.....##
#.#.###...
#.#.#.....
#.#)#.#### #.#.#.#
#.#.#.#


You could see a hippogriff (very poisoned).

Vanquished Creatures
  A tormentor (Abyss:2)
  A sky beast (D:5)
  3 ogres
  A scorpion (D:5)
  A howler monkey (D:4)
  An orc priest (D:4)
  An iguana (D:4)
  6 orc wizards
  A worker ant (D:5)
  A hound zombie (D:4)
  A hound skeleton (D:5)
  6 adders
  An ufetubus (Abyss:2)
  An ooze (D:2)
  2 worms (D:2)
  2 dart slugs (D:3)
  2 leopard geckos
  14 orcs
  4 bats
  5 giant cockroaches
  6 goblins
  4 hobgoblins
  4 jackals (D:2)
  4 quokkas
  4 ball pythons
  10 frilled lizards
  3 kobolds
  4 rats
94 creatures vanquished.

Notes
Turn   | Place    | Note
-------+----------+-------------------------------------------
     0 | Abyss:1  | Gargoyl the Gnoll Abyssal Knight began the quest for the
                  | Orb.
     0 | Abyss:1  | Reached XP level 1. HP: 23/23 MP: 3/3
    58 | Abyss:2  | Noticed a tormentor
    62 | Abyss:2  | Killed a tormentor
    62 | Abyss:2  | Reached skill level 1 in Short Blades
    62 | Abyss:2  | Reached skill level 1 in Long Blades
    62 | Abyss:2  | Reached skill level 1 in Maces & Flails
    62 | Abyss:2  | Reached skill level 1 in Polearms
    62 | Abyss:2  | Reached skill level 1 in Staves
    62 | Abyss:2  | Reached skill level 1 in Slings
    62 | Abyss:2  | Reached skill level 1 in Bows
    62 | Abyss:2  | Reached skill level 1 in Crossbows
    62 | Abyss:2  | Reached skill level 1 in Throwing
    62 | Abyss:2  | Reached skill level 1 in Stealth
    62 | Abyss:2  | Reached skill level 1 in Shields
    62 | Abyss:2  | Reached skill level 1 in Unarmed Combat
    62 | Abyss:2  | Reached skill level 1 in Spellcasting
    62 | Abyss:2  | Reached skill level 1 in Conjurations
    62 | Abyss:2  | Reached skill level 1 in Hexes
    62 | Abyss:2  | Reached skill level 1 in Summonings
    62 | Abyss:2  | Reached skill level 1 in Necromancy
    62 | Abyss:2  | Reached skill level 1 in Translocations
    62 | Abyss:2  | Reached skill level 1 in Transmutations
    62 | Abyss:2  | Reached skill level 1 in Fire Magic
    62 | Abyss:2  | Reached skill level 1 in Ice Magic
    62 | Abyss:2  | Reached skill level 1 in Air Magic
    62 | Abyss:2  | Reached skill level 1 in Earth Magic
    62 | Abyss:2  | Reached skill level 1 in Poison Magic
    62 | Abyss:2  | Reached skill level 5 in Invocations
    62 | Abyss:2  | Reached skill level 1 in Evocations
    62 | Abyss:2  | Reached XP level 2. HP: 15/29 MP: 3/5
    62 | Abyss:2  | Reached XP level 3. HP: 18/35 MP: 3/6
    62 | Abyss:2  | Reached XP level 4. HP: 21/41 MP: 3/7
    62 | Abyss:2  | Reached XP level 5. HP: 25/47 MP: 3/8
    62 | Abyss:2  | Reached XP level 6. HP: 28/53 MP: 3/9
    78 | Abyss:2  | Noticed a spatial vortex
    84 | Abyss:2  | Noticed a spatial vortex
   104 | Abyss:2  | Noticed a hippogriff
   111 | Abyss:2  | Noticed a tentacled starspawn
   118 | D:1      | Escaped the Abyss
   424 | D:1      | Reached * piety under Lugonu
  1075 | D:2      | Found a faded altar of an unknown god.
  1309 | D:2      | Reached skill level 5 in Axes
  1309 | D:2      | Reached skill level 5 in Armour
  1694 | D:2      | Found a sparkling altar of Nemelex Xobeh.
  1952 | D:3      | Reached ** piety under Lugonu
  2490 | D:3      | Reached skill level 7 in Fighting
  2490 | D:3      | Reached XP level 7. HP: 40/60 MP: 10/10
  3266 | D:4      | Got a spiked kite shield
  3272 | D:4      | Identified the +2 kite shield of the Eternal Fruit {*Contam
                  | rPois rN+++ Dex-4} (You found it on level 4 of the Dungeon)
  3741 | D:4      | Reached XP level 8. HP: 52/67 MP: 12/12
  3914 | D:5      | Entered Level 5 of the Dungeon
  3938 | D:5      | Reached *** piety under Lugonu
  3941 | D:5      | Found a shadowy altar of Dithmenos.
  3961 | D:5      | Gained mutation: You are partially covered in thin metallic
                  | scales. (AC +2) [potion of mutation]
  3961 | D:5      | Gained mutation: Your mind is acute. (Int +2) [potion of
                  | mutation]
  4187 | D:5      | Noticed a hippogriff
  4212 | D:5      | Slain by a hippogriff

Illustrated notes

Levels and vault maps discovered:
D:1:      enne_arrival_octagon_isle, layout_basic, corner_web_ring
D:2:      layout_rooms, nemelex_altar_shiori, chequers_ecumenical_altar_island
D:3:      layout_loops_ring
D:4:      layout_layer_cave, kennysheep_generic_room_5
D:5:      layout_basic, lemuel_doored_altar, marbit_many_paths, serial_shops,
          shop, nicolae_ashenzari_panopticon

Skill      XL: |  1  2  3  4  5  6  7  8 |
---------------+-------------------------+-----
Short Blades   | 1 2 3 |  3.1
Long Blades    | 1 2 3 |  3.1
Maces & Flails | 1 2 3 |  3.1
Polearms       | 1 2 3 |  3.1
Staves         | 1 2 3 |  3.1
Slings         | 1 2 3 |  3.1
Bows           | 1 2 3 |  3.1
Crossbows      | 1 2 3 |  3.1
Throwing       | 1 2 3 |  3.1
Dodging        | 3 4 |  4.1
Stealth        | 1 2 3 |  3.1
Shields        | 1 2 3 |  3.1
Unarmed Combat | 1 2 3 |  3.1
Spellcasting   | 1 2 3 |  3.1
Conjurations   | 1 2 |  2.5
Hexes          | 1 2 |  2.5
Summonings     | 1 2 |  2.5
Necromancy     | 1 2 |  2.5
Translocations | 1 2 |  2.5
Transmutations | 1 2 |  2.5
Fire Magic     | 1 2 |  2.5
Ice Magic      | 1 2 |  2.5
Air Magic      | 1 2 |  2.5
Earth Magic    | 1 2 |  2.5
Poison Magic   | 1 2 |  2.5
Invocations    | 5 |  5.8
Evocations     | 1 2 3 |  3.1
Axes           | 5 |  5.6
Armour         | 5 |  5.6
Fighting       | 7 |  7.3

Action                   |  1- 3 |  4- 6 |  7- 9 || total
-------------------------+-------+-------+-------++-------
Melee: Hand axe          |       |   111 |       ||   111
       War axe           |       |    37 |   117 ||   154
       Bite              |       |    15 |    11 ||    26
       Unarmed           |       |     3 |       ||     3
       Punch             |       |       |     2 ||     2
Throw: Dart              |       |     4 |     5 ||     9
Invok: Depart the Abyss  |       |     1 |       ||     1
  Use: Scroll            |     1 |    10 |     3 ||    14
       Potion            |       |       |     1 ||     1
Armor: Chain mail        |       |    70 |    89 ||   159
       Scale mail        |       |    22 |       ||    22
       Leather armour    |       |     2 |       ||     2
Dodge: Dodged            |       |    96 |    32 ||   128
Block: Kite shield       |       |       |    43 ||    43

Table legend: (Time is in decaauts)
 A = Elapsed time spent in this place.
 B = Non-inter-level travel time spent in this place.
 C = Inter-level travel time spent in this place.
 D = Time resting spent in this place.
 E = Time spent auto-exploring this place.
 F = Levels seen in this place.
 G = Mean time per level.
                   A        B        C        D        E       F      G
               +--------+--------+--------+--------+--------+-----+--------+
         Total |   4261 |   4176 |     85 |    468 |   2775 |   7 |  608.7 |
       Dungeon |   4143 |   4058 |     85 |    468 |   2702 |   5 |  828.6 |
         Abyss |    117 |    117 |      0 |      0 |     73 |   2 |   58.5 |
               +--------+--------+--------+--------+--------+-----+--------+

Top non-repeatable levels by time:
     D:4: 1270 daAuts
     D:1: 950 daAuts
     D:3: 820 daAuts
     D:2: 787 daAuts
     D:5: 314 daAuts
 Abyss:2: 115 daAuts
 Abyss:1: 2 daAuts
